 Dungeon Crawl Stone Soup version 0.29-a0-2-g12fcac58f8 (webtiles) character file.

Game seed: 239668131655061134

110 siradein the Digger (level 4, -5/24 HPs)
             Began as a Gargoyle Earth Elementalist on Jan 27, 2022.
             Slain by Sigmund (10 damage)
             ... on level 2 of the Dungeon.
             The game lasted 00:08:19 (2072 turns).

siradein the Digger (Gargoyle Earth Elementalist)   Turns: 2072, Time: 00:08:20

Health: -5/24      AC:  6    Str: 12    XL:     4   Next: 91%
Magic:  6/8        EV: 11    Int: 17    God:
Gold:   49         SH:  0    Dex: 10    Spells: 5/9 levels left

rFire   . . .      SeeInvis .   g - +3 dagger
rCold   . . .      Faith    .   (no shield)
rNeg    + . .      Spirit   .   b - +0 robe
rPois   ∞          Reflect  .   (no helmet)
rElec   +          Harm     .   d - scarf {shadows}
rCorr   .          Rampage  .   (no gloves)
Will    .....                   f - +0 pair of boots
Stlth   ++........              (no amulet)
HPRegen 0.08/turn               i - ring of flight
MPRegen 0.11/turn               (no ring)

@: flying, very slightly contaminated
A: sickness immunity, AC +3, negative energy resistance 1, electricity
resistance, torment resistance 1, petrification resistance
a: no special abilities


You were on level 2 of the Dungeon.
You visited 1 branch of the dungeon, and saw 2 of its levels.

You collected 49 gold pieces.

Inventory:

Hand Weapons
 g - a +3 dagger (weapon)
Missiles
 c - 26 stones
Armour
 b - a +0 robe (worn)
 d - a scarf of shadows (worn)
 f - a +0 pair of boots (worn)
Jewellery
 i - a ring of flight (left hand)
Scrolls
 e - a scroll of teleportation {unknown}
 h - a scroll of summoning {unknown}
 j - a scroll of enchant armour {unknown}
Potions
 a - a potion of flight {unknown}


   Skills:
 - Level 1.5 Dodging
 - Level 2.1 Stealth
 + Level 3.0 Spellcasting
 + Level 0.6 Conjurations
 - Level 2.0 Transmutations
 + Level 4.8 Earth Magic


You had 5 spell levels left.
You knew the following spells:

 Your Spells              Type           Power      Damage    Failure   Level
a - Sandblast             Erth           38%        2d10      2%          1
b - Stone Arrow           Conj/Erth      24%        3d8       17%         3

Your spell library contained the following spells:

 Spells                   Type           Power      Damage    Failure   Level
 Passwall                 Tmut/Erth      11%        N/A       6%          2
 Petrify                  Tmut/Erth      14%        N/A       38%         4


Dungeon Overview and Level Annotations

Branches:
Dungeon (2/15)

Altars:

Annotations:
D:2 Sigmund


Innate Abilities, Weirdness & Mutations

You are immune to sickness and miasma.
Your stone body is resilient. (AC +3)
You are immune to poison.
You resist negative energy. (rN+)
You are resistant to electric shocks. (rElec)
You are resistant to unholy torment.
You are immune to petrification.


Message History

The magic dart hits you.
A magic dart appears from out of thin air!
The magic dart hits you!
You see here a scroll labelled KYNUD SUDES.
You're too confused to move!
You feel less confused. Something hits you.
You hear some strange, mumbled words.
Something tries to affect you, but you resist.
Something tries to affect you, but you resist.
Something tries to affect you, but you resist.
A magic dart appears from out of thin air!
The magic dart hits you.
* * * LOW HITPOINT WARNING * * *
A magic dart appears from out of thin air!
The magic dart hits you.
* * * LOW HITPOINT WARNING * * *
Things that are here:
a +0 robe; a +0 dagger You start resting.
Sigmund hits you from afar with a +0 scythe.
* * * LOW HITPOINT WARNING * * *
Casting: Sandblast (safe; 2% risk of failure)
Confirm with . or Enter, or press ? or * to list all spells.
Aiming: Sandblast (safe; 2% risk of failure)
Press: ? - help, Shift-Dir - straight line, f/p - Sigmund
Aim: Sigmund, wielding a +0 scythe and wearing a +0 robe (moderately wounded, 77% to hit)
The blast of sand hits Sigmund!
Sigmund is severely wounded.
Unknown command.
Casting: Sandblast (safe; 2% risk of failure)
Confirm with . or Enter, or press ? or * to list all spells.
Aiming: Sandblast (safe; 2% risk of failure)
Press: ? - help, Shift-Dir - straight line, f/p - Sigmund
Aim: Sigmund, wielding a +0 scythe and wearing a +0 robe (severely wounded, 77% to hit)
You miscast Sandblast.
You are very lightly contaminated with residual magic.
Nothing appears to happen.
Sigmund hits you from afar with a +0 scythe!
You die...

#####.#.....# #....>....# #####..
......#.##### #.........# ##.
......#.# #.........# #)
........# #######.### ##
........# #.......###### #
........# #............#####
........# #.......#........#
......#@########.......#.♣♣♣♣♣♣..
......#>......#.@..[.....♣÷♣P♣♣♣.
#############.#.........#####.♣♣♣
#.@.........#)..#P♣P♣
####........♣...#P...
########.'.8.'.... #.♣...#PP.P
#.#...#..P♣ #.#####.†♣♣
#..♣÷♣P.♣♣.


You could see Sigmund.

Vanquished Creatures
  Jessica (D:2)
  Natasha (D:2)
  2 adders (D:2)
  4 bats
  5 endoplasms
  5 giant cockroaches
  2 goblins (D:1)
  3 hobgoblins
  2 jackals (D:1)
  6 kobolds
  3 ball pythons (D:1)
  A frilled lizard (D:1)
  3 rats
38 creatures vanquished.

Notes
Turn   | Place    | Note
-------+----------+-------------------------------------------
     0 | D:1      | siradein the Gargoyle Earth Elementalist began the quest
                  | for the Orb.
     0 | D:1      | Reached XP level 1. HP: 10/10 MP: 3/3
    70 | D:1      | Reached skill level 1 in Transmutations
   121 | D:1      | Reached XP level 2. HP: 15/15 MP: 1/5
   434 | D:1      | Reached skill level 4 in Earth Magic
  1254 | D:2      | Noticed Jessica
  1259 | D:2      | Killed Jessica
  1260 | D:2      | Reached XP level 3. HP: 19/19 MP: 4/7
  1302 | D:2      | Noticed Natasha
  1305 | D:2      | Killed Natasha
  1306 | D:2      | Reached XP level 4. HP: 24/24 MP: 4/8
  1648 | D:2      | Learned a level 3 spell: Stone Arrow
  1711 | D:2      | Noticed Sigmund
  1923 | D:2      | Found a faded altar of an unknown god.
  2072 | D:2      | Slain by Sigmund

Illustrated notes

Levels and vault maps discovered:
D:1:      dpeg_arrival_court, layout_rooms, minmay_misc_feat_secret_circle
D:2:      layout_basic, dilly_ecumenical_altar_fadedgnrine, uniq_jessica,
          uniq_natasha, uniq_sigmund, uniq_crazy_yiuf_cottage

Skill      XL: |  1  2  3  4 |
---------------+-------------+-----
Transmutations | 1 2 |  2.0
Earth Magic    | 4 |  4.8
Spellcasting   | 3 |  3.0
Dodging        | |  1.5
Stealth        | |  2.1
Conjurations   | |  0.6

Action                   |  1- 3 |  4- 6 || total
-------------------------+-------+-------++-------
Melee: Dagger            |    49 |    15 ||    64
       Short sword       |    15 |     7 ||    22
 Cast: Sandblast         |    15 |    16 ||    31
 Stab: Sleeping          |     4 |     2 ||     6
Armor: Robe              |    24 |     5 ||    29
Dodge: Dodged            |    48 |    11 ||    59

Table legend: (Time is in decaauts)
 A = Elapsed time spent in this place.
 B = Non-inter-level travel time spent in this place.
 C = Inter-level travel time spent in this place.
 D = Time resting spent in this place.
 E = Time spent auto-exploring this place.
 F = Levels seen in this place.
 G = Mean time per level.
                   A        B        C        D        E       F      G
               +--------+--------+--------+--------+--------+-----+--------+
         Total |   2073 |   2054 |     19 |     97 |   1534 |   2 | 1036.5 |
       Dungeon |   2073 |   2054 |     19 |     97 |   1534 |   2 | 1036.5 |
               +--------+--------+--------+--------+--------+-----+--------+

Top non-repeatable levels by time:
     D:1: 1363 daAuts
     D:2: 709 daAuts
